 Dungeon Crawl Stone Soup version 0.18.1-8-gdd0e5ea (webtiles) character file.

109 Krapule the Insei (level 4, -1/28 HPs)
             Began as an Octopode Transmuter on June 5, 2016.
             Was a Follower of Cheibriados.
             Slain by Robin
             ... wielding a +0 spear
              (3 damage)
             ... on level 4 of the Dungeon.
             The game lasted 00:08:58 (3715 turns).

Krapule the Insei (Octopode Transmuter)             Turns: 3715, Time: 00:08:59

Health: -1/28      AC:  1    Str: 12    XL:     4   Next: 89%
Magic:  3/7        EV: 13    Int: 23    God:    Cheibriados [*.....]
Gold:   198        SH:  0    Dex: 16    Spells: 2 memorised, 5 levels left

rFire  . . .     SeeInvis .       - Unarmed
rCold  . . .     Gourm    .     (no shield)
rNeg   . . .     Faith    .     (helmet restricted)
rPois  .         Spirit   .     (no amulet)
rElec  .         Dismiss  .     (no ring)
rCorr  .         Reflect  .     (no ring)
SustAt .         Harm     .     (no ring)
MR     .....                    (no ring)
Stlth  ++........               (no ring)
                                (no ring)
                                (no ring)
                                (no ring)

@: brilliant, very slightly contaminated, very slow, not resistant to hostile
enchantments, unstealthy
A: almost no armour, amphibious, 8 rings, constrict 8, camouflage 1, gelatinous
body 1
a: Bend Time, Renounce Religion


You were on level 4 of the Dungeon.
You worshipped Cheibriados.
Cheibriados was aware of your devotion.
You were not hungry.

You visited 1 branch of the dungeon, and saw 4 of its levels.

You collected 198 gold pieces.

Inventory:

Missiles
 a - 93 arrows
Scrolls
 f - a scroll of amnesia {unknown}
 i - a scroll of teleportation
Potions
 d - 2 potions of magic
 e - a potion of resistance {unknown}
 j - a potion of might {unknown}
 k - a potion of lignification {unknown}
 l - a potion of brilliance
 n - a potion of curing
Books
 b - a book of Changes

   Spells                             Type                      Level
   a - Beastly Appendage              Transmutation                1
   b - Sticks to Snakes               Transmutation                2
   c - Spider Form                    Transmutation/Poison         3
   d - Ice Form                       Ice/Transmutation            4
   e - Blade Hands                    Transmutation                5
Comestibles
 c - 2 bread rations
 g - a meat ration
 m - 2 fruits


   Skills:
 - Level 1.0 Fighting
 * Level 2.7 Dodging
 + Level 3.4 Unarmed Combat
 + Level 2.5 Spellcasting
 * Level 3.2 Transmutations
 + Level 1.6 Invocations


You had 5 spell levels left.
You knew the following spells:

 Your Spells              Type           Power        Failure   Level  Hunger
a - Beastly Appendage     Trmt           ####..       1%          1    None
z - Sticks to Snakes      Trmt           ####....     1%          2    ##.....


Dungeon Overview and Level Annotations

Branches:
Dungeon (4/15)
 Temple: D:4-7

Altars:
Cheibriados

Annotations:
D:4 Robin


Innate Abilities, Weirdness & Mutations

You cannot wear most types of armour.
You are amphibious.
You can wear up to eight rings at the same time.
You can use your tentacles to constrict eight enemies at once.
Your skin changes colour to match your surroundings (Stealth).
Your rubbery body absorbs attacks (AC +1).


Message History

You constrict Robin, but do no damage. The goblin barely misses you.
Robin roars a battlecry!
The goblins go into a battle-frenzy!
Robin closely misses you. The goblin barely misses you.
You hear a shout! x2
Drink which item? (? for menu, Esc to quit)
It was a potion of brilliance.
You feel clever all of a sudden.
You constrict Robin, but do no damage. The hobgoblin hits you with a club!
* * * LOW HITPOINT WARNING * * *
The goblin closely misses you. Robin throws the goblin at you!
* * * LOW HITPOINT WARNING * * *
The goblin hits you with a club.
* * * LOW HITPOINT WARNING * * *
Drink which item? (? for menu, Esc to quit)
It was a potion of curing.
You feel better.
You constrict Robin. The hobgoblin closely misses you. The goblin hits you.
* * * LOW HITPOINT WARNING * * *
Robin hits you with a spear.
You die...

#. ..# #. #.# #.
#.# #. #.# #. #.#
#. #######.#
.##.##.## .........
g......g###
######.#
g...##.g@g#
......... . ##g#g#
######)#. #.#.#
#.#. #.#.# #.#.
#.#.# #.#.
#.#.############.#.
#.#................
#.#..#.###.#.######
#.....##.###


You could see Robin, a hobgoblin and 3 goblins.

Vanquished Creatures
  3 adders
  An adder skeleton (D:4)
  A worm (D:2)
  2 dart slugs
  A giant gecko (D:1)
  2 orcs (D:3)
  3 giant cockroaches
  5 goblins
  7 hobgoblins
  6 jackals
  2 quokkas (D:2)
  6 bats
  5 giant newts
  5 kobolds
  4 rats
53 creatures vanquished.

Vanquished Creatures (collateral kills)
  Terence (D:2)
  A goblin (D:3)
  A giant newt (D:3)
3 creatures vanquished.

Vanquished Creatures (others)
  An orc (D:3)
1 creature vanquished.

Grand Total: 57 creatures vanquished

Notes
Turn   | Place    | Note
--------------------------------------------------------------
     0 | D:1      | Krapule the Octopode Transmuter began the quest for the Orb.
     0 | D:1      | Reached XP level 1. HP: 13/13 MP: 3/3
   102 | D:1      | Reached XP level 2. HP: 18/18 MP: 5/5
   395 | D:1      | Found a snail-covered altar of Cheibriados.
   413 | D:1      | Became a worshipper of Cheibriados the Contemplative
   506 | D:1      | Reached XP level 3. HP: 23/23 MP: 6/6
  1539 | D:2      | Noticed Terence
  1544 | D:2      | Learned a level 2 spell: Sticks to Snakes
  1590 | D:2      | Killed Terence
  2181 | D:2      | Reached XP level 4. HP: 23/28 MP: 7/7
  2314 | D:3      | Reached * piety under Cheibriados
  2319 | D:3      | Reached skill level 1 in Invocations
  3707 | D:4      | Noticed Robin
  3715 | D:4      | Slain by Robin

Skill      XL: |  1  2  3  4 |
---------------+-------------+-----
Transmutations | 3 |  3.2
Invocations    | 1 |  1.6
Fighting       | |  1.0
Dodging        | |  2.7
Unarmed Combat | |  3.4
Spellcasting   | |  2.5

Action                   |  1- 3 |  4- 6 || total
-------------------------+-------+-------++-------
Melee: Unarmed           |    79 |    47 ||   126
       Constrict         |    22 |    18 ||    40
       Tentacles         |    15 |     9 ||    24
       Punch             |     3 |       ||     3
       Kick              |     3 |       ||     3
 Cast: Sticks to Snakes  |     3 |     4 ||     7
       Beastly Appendage |     2 |       ||     2
  Use: Scroll            |       |     4 ||     4
       Potion            |       |     2 ||     2
 Stab: Sleeping          |     6 |     1 ||     7
       Distracted        |     1 |     1 ||     2
  Eat: Chunk             |     2 |     4 ||     6
       Beef jerky        |     1 |       ||     1
Armor: Skin              |     6 |     5 ||    11
Dodge: Dodged            |    46 |    22 ||    68
